[ AOE2 MATCH · #493909792 ]
UnrankedTeutons vs Celts
Player's team · WIN
Rival team · LOSS
[ REPLAY ANALYSIS · EXTRACTED FROM THE RECORDED GAME ]
Feudal
9:02
Castle
19:29
Imperial
31:19
| APM avg | 43.6 |
| APM peak | 99 |
| eAPM avg | 28.5 |
| Villagers / military | 193 / 64 |
Focus
⚔️ 23.8% · 🌾 76.2%
Hand Cannoneer ×21 · Knight ×18 · Bombard Cannon ×8 · Scout Cavalry ×7 · Monk ×5 · Trebuchet (Packed) ×5
Feudal
9:49
Castle
21:52
Imperial
35:22
| APM avg | 28.0 |
| APM peak | 59 |
| eAPM avg | 18.5 |
| Villagers / military | 115 / 126 |
Focus
⚔️ 29.6% · 🌾 70.4%
Spearman ×87 · Scorpion ×12 · Battering Ram ×12 · Woad Raider ×11 · Militia ×3 · Monk ×1
Match map
Initial resources + every placement click. Lines = walls · curves = elevation contours. ◆ gold · ⬟ stone · ● berries · ✦ relic · ◌ wall gap
Your base· ✓ Closed at 19:29 · 5t walls · 2 gate(s)
INK's base· ✓ Closed at 21:52 · 0t walls · 2 gate(s)
Smoothed initial terrain · ◌ = detected wall gap · hover for details
Inputs per minute
— Feanor - - INK
Build order — Feanor
First 150 of 479 actions detected
| 0:00 | Create | Villager (Male) |
| 0:01 | Create | Villager (Male) |
| 0:02 | Build | House |
| 0:03 | Build | House |
| 0:14 | Create | Villager (Male) |
| 0:15 | Create | Villager (Male) |
| 0:15 | Create | Villager (Male) |
| 1:24 | Create | Villager (Male) |
| 1:24 | Create | Villager (Male) |
| 1:50 | Build | Lumber Camp |
| 2:01 | Create | Villager (Male) |
| 2:01 | Create | Villager (Male) |
| 2:17 | Create | Villager (Male) |
| 2:18 | Create | Villager (Male) |
| 2:49 | Create | Villager (Male) |
| 3:16 | Create | Villager (Male) |
| 3:16 | Create | Villager (Male) |
| 3:31 | Build | House |
| 3:37 | Create | Villager (Male) |
| 4:03 | Create | Villager (Male) |
| 4:21 | Build | Mining Camp |
| 4:23 | Create | Villager (Male) |
| 4:55 | Create | Villager (Male) |
| 5:15 | Create | Villager (Male) |
| 5:16 | Create | Villager (Male) |
| 5:31 | Research | Loom |
| 6:52 | Research | Feudal Age |
| 6:52 | Research | Feudal Age |
| 7:38 | Build | House |
| 8:40 | Build | House |
| 8:46 | Create | Villager (Male) |
| 8:46 | Create | Villager (Male) |
| 9:02 | Age | Feudal Age |
| 9:08 | Build | Watch Tower |
| 9:12 | Build | Watch Tower |
| 9:20 | Research | Double-Bit Axe |
| 9:20 | Research | Double-Bit Axe |
| 9:33 | Build | Mill |
| 9:37 | Build | Lumber Camp |
| 9:40 | Build | Mill |
| 10:00 | Create | Villager (Male) |
| 10:01 | Create | Villager (Male) |
| 10:13 | Build | House |
| 10:24 | Build | Farm |
| 10:24 | Build | Farm |
| 10:24 | Build | Farm |
| 10:25 | Build | Farm |
| 10:56 | Create | Villager (Male) |
| 10:56 | Create | Villager (Male) |
| 11:24 | Build | Watch Tower |
| 11:29 | Build | Blacksmith |
| 11:45 | Build | Farm |
| 12:12 | Build | House |
| 12:14 | Create | Villager (Male) |
| 12:14 | Create | Villager (Male) |
| 12:14 | Create | Villager (Male) |
| 12:30 | Build | Watch Tower |
| 12:39 | Create | Villager (Male) |
| 12:39 | Create | Villager (Male) |
| 12:58 | Build | Palisade Wall |
| 13:03 | Build | Palisade Wall |
| 13:04 | Build | Palisade Wall |
| 13:12 | Build | Palisade Wall |
| 13:12 | Build | Palisade Wall |
| 13:20 | Create | Villager (Male) |
| 13:21 | Build | Farm |
| 13:23 | Build | Farm |
| 13:28 | Create | Villager (Male) |
| 13:33 | Build | Blacksmith |
| 13:38 | Build | Market |
| 13:40 | Build | Mining Camp |
| 13:59 | Create | Villager (Male) |
| 14:03 | Build | Farm |
| 14:13 | Build | Farm |
| 14:21 | Build | House |
| 14:35 | Build | Mill |
| 14:42 | Create | Villager (Male) |
| 14:47 | Build | House |
| 15:17 | Build | Farm |
| 15:20 | Create | Villager (Male) |
| 15:43 | Build | Farm |
| 15:50 | Build | Farm |
| 15:53 | Create | Villager (Male) |
| 16:10 | Build | Farm |
| 16:14 | Create | Villager (Male) |
| 16:26 | Build | Farm |
| 16:49 | Research | Castle Age |
| 16:50 | Research | Castle Age |
| 17:09 | Create | Villager (Male) |
| 17:18 | Build | House |
| 17:21 | Build | House |
| 17:41 | Research | Horse Collar |
| 17:41 | Research | Horse Collar |
| 18:05 | Build | House |
| 18:06 | Build | House |
| 19:29 | Age | Castle Age |
| 19:33 | Build | Town Center |
| 19:46 | Build | Town Center |
| 19:48 | Create | Villager (Male) |
| 19:56 | Research | Bow Saw |
| 19:57 | Research | Bow Saw |
| 19:58 | Create | Villager (Male) |
| 20:05 | Create | Villager (Male) |
| 20:21 | Create | Villager (Male) |
| 20:23 | Build | Farm |
| 20:24 | Create | Villager (Male) |
| 20:42 | Build | Monastery |
| 20:48 | Create | Villager (Male) |
| 20:48 | Create | Villager (Male) |
| 20:48 | Create | Villager (Male) |
| 21:00 | Create | Villager (Male) |
| 21:00 | Create | Villager (Male) |
| 21:09 | Build | House |
| 21:10 | Build | House |
| 21:11 | Build | House |
| 21:14 | Create | Villager (Male) |
| 21:16 | Create | Villager (Male) |
| 21:24 | Create | Monk |
| 21:27 | Create | Villager (Male) |
| 21:29 | Create | Villager (Male) |
| 21:29 | Create | Villager (Male) |
| 21:30 | Create | Villager (Male) |
| 21:31 | Create | Villager (Male) |
| 21:33 | Build | Farm |
| 21:34 | Build | Farm |
| 21:34 | Build | Farm |
| 21:35 | Create | Villager (Male) |
| 21:36 | Create | Villager (Male) |
| 21:45 | Create | Villager (Male) |
| 21:46 | Create | Villager (Male) |
| 21:50 | Build | Farm |
| 21:50 | Build | Farm |
| 21:50 | Build | Farm |
| 21:50 | Build | Farm |
| 21:53 | Create | Villager (Male) |
| 21:53 | Create | Villager (Male) |
| 22:02 | Build | Farm |
| 22:07 | Build | Farm |
| 22:11 | Build | Farm |
| 22:12 | Create | Villager (Male) |
| 22:12 | Create | Villager (Male) |
| 22:14 | Create | Villager (Male) |
| 22:33 | Create | Villager (Male) |
| 22:33 | Create | Villager (Male) |
| 22:39 | Create | Villager (Male) |
| 22:39 | Create | Villager (Male) |
| 22:46 | Create | Villager (Male) |
| 22:56 | Create | Monk |
| 22:58 | Create | Villager (Male) |
| 22:58 | Create | Villager (Male) |
Build order — INK
First 150 of 308 actions detected
| 0:02 | Build | House |
| 0:03 | Create | Villager (Male) |
| 0:03 | Create | Villager (Male) |
| 0:03 | Create | Villager (Male) |
| 0:18 | Create | Villager (Male) |
| 0:18 | Create | Villager (Male) |
| 1:20 | Create | Villager (Male) |
| 2:02 | Build | House |
| 2:04 | Create | Villager (Male) |
| 2:04 | Create | Villager (Male) |
| 2:21 | Create | Villager (Male) |
| 2:21 | Create | Villager (Male) |
| 2:43 | Create | Villager (Male) |
| 2:43 | Create | Villager (Male) |
| 3:23 | Create | Villager (Male) |
| 3:25 | Create | Villager (Male) |
| 4:06 | Create | Villager (Male) |
| 4:06 | Create | Villager (Male) |
| 4:47 | Create | Villager (Male) |
| 4:58 | Build | House |
| 5:00 | Create | Villager (Male) |
| 5:07 | Research | Loom |
| 5:09 | Create | Villager (Male) |
| 5:24 | Build | House |
| 5:34 | Create | Villager (Male) |
| 6:05 | Build | Mill |
| 6:21 | Create | Villager (Male) |
| 6:48 | Create | Villager (Male) |
| 6:57 | Build | Mining Camp |
| 7:08 | Create | Villager (Male) |
| 7:25 | Build | Mill |
| 7:39 | Research | Feudal Age |
| 9:48 | Create | Villager (Male) |
| 9:49 | Create | Villager (Male) |
| 9:49 | Age | Feudal Age |
| 10:04 | Build | Barracks |
| 10:33 | Research | Man-at-Arms (upgrade) |
| 10:33 | Research | Man-at-Arms (upgrade) |
| 10:39 | Create | Villager (Male) |
| 11:03 | Create | Militia |
| 11:04 | Create | Militia |
| 11:55 | Create | Villager (Male) |
| 12:06 | Create | Villager (Male) |
| 12:57 | Build | Lumber Camp |
| 13:04 | Create | Villager (Male) |
| 13:04 | Create | Villager (Male) |
| 13:42 | Build | House |
| 13:50 | Create | Villager (Male) |
| 13:51 | Create | Villager (Male) |
| 14:07 | Build | House |
| 14:19 | Research | Double-Bit Axe |
| 14:28 | Research | Wheelbarrow |
| 14:48 | Build | Farm |
| 14:51 | Build | Farm |
| 14:58 | Build | Farm |
| 15:22 | Build | Farm |
| 15:23 | Build | Farm |
| 15:50 | Create | Villager (Male) |
| 15:51 | Create | Villager (Male) |
| 15:59 | Build | Farm |
| 16:00 | Build | Farm |
| 16:01 | Build | Farm |
| 16:03 | Build | Farm |
| 16:09 | Build | Farm |
| 16:45 | Build | Farm |
| 16:58 | Build | Blacksmith |
| 17:02 | Create | Villager (Male) |
| 17:03 | Create | Villager (Male) |
| 17:35 | Build | Stable |
| 17:45 | Build | Farm |
| 17:50 | Build | Farm |
| 17:55 | Build | Farm |
| 17:57 | Create | Villager (Male) |
| 17:58 | Create | Villager (Male) |
| 18:18 | Build | Farm |
| 18:30 | Build | Farm |
| 18:44 | Create | Villager (Male) |
| 18:51 | Build | Farm |
| 19:03 | Build | House |
| 19:11 | Research | Castle Age |
| 19:11 | Research | Castle Age |
| 19:40 | Research | Horse Collar |
| 19:47 | Create | Militia |
| 19:49 | Create | Spearman |
| 19:49 | Create | Spearman |
| 21:04 | Create | Spearman |
| 21:16 | Research | Stone Mining |
| 21:50 | Create | Villager (Male) |
| 21:50 | Create | Villager (Male) |
| 21:52 | Age | Castle Age |
| 21:57 | Build | Town Center |
| 22:02 | Create | Villager (Male) |
| 22:02 | Create | Villager (Male) |
| 22:09 | Build | Town Center |
| 22:17 | Research | Hand Cart |
| 22:27 | Build | Siege Workshop |
| 22:33 | Research | Pikeman (upgrade) |
| 22:48 | Create | Villager (Male) |
| 22:54 | Research | Bow Saw |
| 23:02 | Create | Villager (Male) |
| 23:26 | Create | Villager (Male) |
| 23:29 | Create | Villager (Male) |
| 23:31 | Create | Scorpion |
| 23:40 | Create | Villager (Male) |
| 23:40 | Create | Villager (Male) |
| 23:55 | Build | Farm |
| 23:55 | Build | Farm |
| 23:55 | Build | Farm |
| 24:02 | Build | Mining Camp |
| 24:04 | Create | Villager (Male) |
| 24:08 | Create | Scorpion |
| 24:08 | Create | Scorpion |
| 24:14 | Create | Spearman |
| 24:18 | Research | Forging |
| 24:31 | Build | House |
| 24:32 | Build | House |
| 24:38 | Create | Villager (Male) |
| 25:01 | Create | Villager (Male) |
| 25:07 | Create | Villager (Male) |
| 25:11 | Create | Scorpion |
| 25:17 | Create | Villager (Male) |
| 25:17 | Create | Villager (Male) |
| 25:26 | Build | House |
| 25:27 | Build | House |
| 25:35 | Create | Villager (Male) |
| 25:41 | Create | Villager (Male) |
| 25:45 | Create | Spearman |
| 25:46 | Create | Spearman |
| 25:50 | Create | Villager (Male) |
| 25:52 | Create | Scorpion |
| 25:53 | Create | Villager (Male) |
| 25:57 | Create | Villager (Male) |
| 26:05 | Create | Villager (Male) |
| 26:11 | Research | Heavy Plow |
| 26:16 | Build | House |
| 26:17 | Build | House |
| 26:18 | Create | Villager (Male) |
| 26:26 | Create | Villager (Male) |
| 26:31 | Build | Mining Camp |
| 26:39 | Create | Villager (Male) |
| 26:39 | Create | Villager (Male) |
| 26:39 | Create | Villager (Male) |
| 26:40 | Create | Villager (Male) |
| 26:40 | Create | Villager (Male) |
| 26:40 | Create | Villager (Male) |
| 26:52 | Create | Villager (Male) |
| 26:58 | Build | Barracks |
| 27:03 | Create | Villager (Male) |
| 27:12 | Build | Farm |
| 27:13 | Build | Farm |
Match timeline
| 9:02 | Feanor · age_up feudal |
| 9:49 | INK · age_up feudal |
| 10:04 | INK · first_building Barracks |
| 12:58 | Feanor · wall_segment Palisade Wall x1 |
| 13:03 | Feanor · wall_segment Palisade Wall x1 |
| 13:04 | Feanor · wall_segment Palisade Wall x1 |
| 13:12 | Feanor · wall_segment Palisade Wall x1 |
| 13:12 | Feanor · wall_segment Palisade Wall x1 |
| 16:35 | Feanor · first_market_buy 100 food |
| 16:39 | Feanor · first_market_sell 100 stone |
| 17:35 | INK · first_building Stable |
| 19:29 | Feanor · age_up castle |
| 20:42 | Feanor · first_building Monastery |
| 21:52 | INK · age_up castle |
| 22:27 | INK · first_building Siege Workshop |
| 28:12 | INK · first_building Monastery |
| 28:13 | Feanor · first_building Barracks |
| 28:23 | Feanor · first_building Castle |
| 29:51 | Feanor · first_building Archery Range |
| 30:02 | INK · first_building Castle |
| 31:19 | Feanor · age_up imperial |
| 31:57 | Feanor · first_building Siege Workshop |
| 35:22 | INK · age_up imperial |
| 36:18 | Feanor · first_building Stable |
| 43:51 | INK · resign |
[ AI ANALYSIS · 1 CREDIT ]
What really happened in this match?
Wolo.gg analyzes every decision: build order, eco, micro, common mistakes by bracket. Personalized analysis on WhatsApp or Discord in 30 seconds.
Civ guide
Teutons
Perfil
Feanor